 Dungeon Crawl Stone Soup version 0.30-a0-364-gf6b3ef1049 (webtiles) character file.

Game seed: 15232233142997482050

81 mopl the Magician (level 4, -1/27 HPs)
             Began as an Octopode Hedge Wizard on Nov 15, 2022.
             Slain by an orc wizard
             ... wielding a +0 dagger
              (2 damage)
             ... on level 3 of the Dungeon.
             The game lasted 00:02:41 (1554 turns).

mopl the Magician (Octopode Hedge Wizard)           Turns: 1554, Time: 00:02:41

Health: -1/27      AC:  1    Str:  9    XL:     4   Next: 40%
Magic:  9/9        EV: 13    Int: 18    God:
Gold:   141        SH:  0    Dex: 13    Spells: 4/10 levels left

rFire   . . .      SeeInvis .    i - +6 whip of True Grit {spect, Dex+2}
rCold   . . .      Faith    .    (no shield)
rNeg    + . .      Spirit   .    b - +0 hat
rPois   .          Reflect  .    (no amulet)
rElec   .          Harm     .    j - ring of positive energy
rCorr   .          Rampage  .    (no ring)
Will    .....                    (no ring)
Stlth   +++.......               (no ring)
HPRegen 0.24/turn                (no ring)
MPRegen 0.11/turn                (no ring)
                                 (no ring)
                                 (no ring)

@: no status effects
A: almost no armour, amphibious, 8 rings, camouflage 1, gelatinous body 1,
(nimble swimmer 1), tentacles
a: no special abilities


You were on level 3 of the Dungeon.
You visited 1 branch of the dungeon, and saw 3 of its levels.

You collected 141 gold pieces.

Inventory:

Hand Weapons
 a - a +0 dagger
 i - the +6 whip of True Grit (weapon) {spect, Dex+2}
   (You found it on level 2 of the Dungeon)

   When its wielder attacks, the weapon's spirit leaps out and strikes again.
   The spirit shares a part of any damage it takes with its wielder.
   Dex:       It affects your dexterity (+2).
Missiles
 f - 4 poisoned darts
Armour
 b - a +0 hat (worn)
Jewellery
 j - a ring of positive energy (left tentacle)
Scrolls
 d - a scroll of fear {unknown}
 e - a scroll of amnesia {unknown}
 g - a scroll of identify {unknown}
 k - 2 scrolls of immolation {unknown}
 l - a scroll of teleportation {unknown}
Potions
 c - a potion of magic
 h - a potion of ambrosia {unknown}


   Skills:
 - Level 2.0 Dodging
 - Level 2.6 Stealth
 * Level 3.8 Spellcasting
 * Level 2.7 Conjurations
 - Level 1.0 Summonings
 + Level 1.8 Translocations


You had 4 spell levels left.
You knew the following spells:

 Your Spells              Type           Power      Damage    Failure   Level
a - Magic Dart            Conj           52%        1d5       4%          1
c - Mephitic Cloud        Conj/Pois/Air  6%         N/A       30%         3
e - Blink                 Tloc           20%        N/A       11%         2

Your spell library contained the following spells:

 Spells                   Type           Power      Damage    Failure   Level
 Shock                    Conj/Air       32%        1d5       9%          1
 Slow                     Hex            12%        N/A       16%         1
 Call Imp                 Summ           7%         N/A       16%         2
 Cigotuvi's Dreadful Rot  Necr/Pois/Air  6%         N/A       22%         2
 Summon Lightning Spire   Summ/Air       5%         N/A       77%         4
 Yara's Violent Unravell  Hex/Tmut       1%         3d3       99%         5
 Discord                  Hex            1%         N/A       100%        8


Dungeon Overview and Level Annotations

Branches:
Dungeon (3/15)

Altars:


Innate Abilities, Weirdness & Mutations

You cannot wear most types of armour.
You are amphibious.
You can wear up to eight rings at the same time.
Your skin changes colour to match your surroundings (Stealth+).
Your rubbery body absorbs attacks. (AC +1, EV +1)
((You are camouflaged when in or above water. (Stealth+)))
You have tentacles for arms and can constrict up to eight enemies at once.


Message History

Found 11 gold pieces.
The ball python hisses angrily.
The orc shouts!
You hit the orc. You grab the orc. You squeeze the orc.
The orc is severely wounded.
Your +6 whip of True Grit {spect, Dex+2} hits the orc.
You kill the orc!
The orc wizard casts a spell.
The orc wizard flickers and vanishes!
Deactivating autopickup; reactivate with Ctrl-A.
The goblin hits you with a +0 club.
Things that are here:
a +0 short sword; a +0 ring mail You barely miss the goblin.
Your grab misses the goblin.
Your +6 whip of True Grit {spect, Dex+2} hits the goblin.
You kill the goblin!
The ball python barely misses you. The ball python closely misses you.
You barely miss the ball python. Your grab misses the ball python.
You squeeze the ball python.
You kill the ball python!
The ball python barely misses you. The ball python closely misses you.
You completely miss the orc. Your grab misses the orc.
The ball python closely misses you. The ball python grabs you.
The ball python constricts you. Something hits you.
The orc hits you with a +0 club.
You hit the ball python.
You kill the ball python!
The orc hits you with a +0 club.
You hear some strange, mumbled words.
Something tries to affect you, but you resist.
Unknown command.
You barely miss the orc. You grab the orc.
You constrict the orc, but do no damage.
The orc barely misses you. Something hits you.
The orc hits you with a +0 flail.
Unknown command.
You hit the orc but do no damage. You constrict the orc.
The orc hits you with a +0 flail!
* * * LOW HITPOINT WARNING * * *
The orc misses you. Something hits you.
You die...

#.##......##.#...#
. #.#....#.##....#
.#.#.#..#.#.#....#
..#.##..##.#.....##
...##....##.......#
..................+
........).......(#
.##.)..##......##
##{@##.#.....# #oo#
#.#...... #.... #
...... #......
#....# .........
#... ...........
......$......
..............


You could see 2 orcs.

Vanquished Creatures
  An adder (D:2)
  A worm (D:2)
  4 dart slugs
  3 orcs (D:3)
  10 endoplasms
  A giant cockroach (D:1)
  4 goblins
  4 hobgoblins
  6 quokkas
  11 ball pythons
  2 bats
  2 frilled lizards (D:2)
  3 kobolds
  A rat (D:1)
53 creatures vanquished.

Notes
Turn   | Place    | Note
-------+----------+-------------------------------------------
     0 | D:1      | mopl the Octopode Hedge Wizard began the quest for the Orb.
     0 | D:1      | Reached XP level 1. HP: 11/11 MP: 4/4
    57 | D:1      | Reached XP level 2. HP: 16/17 MP: 6/6
    60 | D:1      | Learned a level 2 spell: Blink
   270 | D:1      | Reached XP level 3. HP: 18/21 MP: 7/7
   280 | D:1      | Learned a level 3 spell: Mephitic Cloud
   354 | D:1      | Reached skill level 2 in Conjurations
   617 | D:2      | Got the Teachings on Feathery Hexes
   747 | D:2      | HP: 1/21 [poisoned by an adder]
   899 | D:2      | Found a faded altar of an unknown god.
  1134 | D:2      | Identified the +6 whip of True Grit {spect, Dex+2}
  1179 | D:2      | Reached XP level 4. HP: 27/27 MP: 9/9
  1465 | D:3      | Identified the +1 leather armour of Benevolence {rPois
                  | rCorr}
  1554 | D:3      | HP: 1/27 [orc/+0 flail (9)]
  1554 | D:3      | Slain by an orc wizard

Illustrated notes

Levels and vault maps discovered:
D:1:      evilmike_arrival_crescent, layout_rooms, serial_bayou_lagoon_a
D:2:      minmay_door_path, layout_basic, shapermc_ecumenical_altar_totnotflames
D:3:      layout_basic, minmay_misc_feat_secret_circle, kennysheep_small_spiral,
          kennysheep_donut, uniq_sigmund

Skill      XL: |  1  2  3 |
---------------+----------+-----
Conjurations   | 2 |  2.7
Dodging        | |  2.0
Stealth        | |  2.6
Spellcasting   | |  3.8
Summonings     | |  1.0
Translocations | |  1.8

Action                   |  1- 3 |  4- 6 || total
-------------------------+-------+-------++-------
Melee: Dagger            |    67 |       ||    67
       Constrict         |    13 |     6 ||    19
       Tentacles         |    14 |     3 ||    17
       Whip              |     3 |    18 ||    21
  Use: Potion            |     3 |       ||     3
 Stab: Sleeping          |    17 |     2 ||    19
Armor: Skin              |     6 |     1 ||     7
Dodge: Dodged            |    38 |    10 ||    48

Table legend: (Time is in decaauts)
 A = Elapsed time spent in this place.
 B = Non-inter-level travel time spent in this place.
 C = Inter-level travel time spent in this place.
 D = Time resting spent in this place.
 E = Time spent auto-exploring this place.
 F = Levels seen in this place.
 G = Mean time per level.
                   A        B        C        D        E       F      G
               +--------+--------+--------+--------+--------+-----+--------+
         Total |   1549 |   1535 |     14 |     85 |   1125 |   3 |  516.3 |
       Dungeon |   1549 |   1535 |     14 |     85 |   1125 |   3 |  516.3 |
               +--------+--------+--------+--------+--------+-----+--------+

Top non-repeatable levels by time:
     D:2: 818 daAuts
     D:1: 521 daAuts
     D:3: 210 daAuts
